 Dungeon Crawl Stone Soup version 0.28-a0-1638-g9123634e07 (webtiles) character file.

Game seed: 3065486219051811937

133 issech the Cudgeller (level 4, 0/44 HPs)
             Began as a Troll Monk on Jan 25, 2022.
             Killed from afar by an orc wizard (8 damage)
             ... with a magic dart
             ... on level 3 of the Dungeon.
             The game lasted 00:08:09 (2357 turns).

issech the Cudgeller (Troll Monk)                   Turns: 2357, Time: 00:08:10

Health: 0/44       AC:  4    Str: 19    XL:     4   Next: 94%
Magic:  3/3        EV: 10    Int:  6    God:
Gold:   46         SH:  0    Dex: 14    Spells: 3/3 levels left

rFire   . . .      SeeInvis .   a - +0 mace
rCold   . . .      Faith    .   (no shield)
rNeg    . . .      Spirit   .   b - +0 robe
rPois   .          Reflect  +   (helmet restricted)
rElec   .          Harm     .   (no cloak)
rCorr   .          Rampage  .   (gloves unavailable)
Will    .....                   (boots unavailable)
Stlth   +.........              f - amulet of reflection
HPRegen 0.94/turn               (no ring)
MPRegen 0.08/turn               (no ring)

@: confused
A: large, unfitting armour, claws 3, regeneration 1, shaggy fur 1, tough skin 1,
hooves 1
a: no special abilities


You were on level 3 of the Dungeon.
You visited 1 branch of the dungeon, and saw 3 of its levels.

You collected 46 gold pieces.

Inventory:

Hand Weapons
 a - a +0 mace (weapon)
Missiles
 c - 4 poisoned darts (quivered)
 e - 13 sling bullets
 h - 107 stones
 j - 29 arrows
 m - 13 bolts
Armour
 b - a +0 robe (worn)
Jewellery
 f - an amulet of reflection (around neck)
Scrolls
 d - a scroll of identify
 g - 4 scrolls of teleportation
 i - 2 scrolls of noise
 k - a scroll of fear {unknown}
Potions
 l - 3 potions of heal wounds


   Skills:
 + Level 2.8 Fighting
 + Level 4.2 Maces & Flails
 + Level 3.0 Dodging
 + Level 1.1 Stealth
 + Level 0.5 Shields


You had 3 spell levels left.
You didn't know any spells.
Your spell library contained the following spells:

 Spells                   Type           Power      Damage    Failure   Level
 Dazzling Flash           Conj/Hex       0%         N/A       83%         3
 Agony                    Necr           0%         N/A       100%        5
 Silence                  Hex/Air        0%         N/A       100%        5


Dungeon Overview and Level Annotations

Branches:
Dungeon (3/15)

Altars:

Shops:
D:1 (=


Innate Abilities, Weirdness & Mutations

You are too large for most types of armour.
You have claws for hands.
Your natural rate of healing is unusually fast.
You are covered in fur. (AC +1)
You have tough skin. (AC +1)
You have large cloven feet.


Message History

Something hits you but does no damage.
You closely miss something. Your kick misses something. You claw something.
Something hits you.
You barely miss something. Something hits you but does no damage.
The orc barely misses you. The orc hits you with a +0 hand axe.
Something hits you but does no damage.
You hit the orc. Your kick misses the orc.
The orc is severely wounded.
The orc hits you but does no damage. You block the orc's attack.
Something hits you. The orc hits you with a +3 war axe.
You hit the orc but do no damage. Your kick misses the orc.
The orc is severely wounded.
You block the orc's attack. You block something's attack.
The orc barely misses you.
You barely miss the orc.
The orc is severely wounded.
The orc hits you but does no damage. You block something's attack.
The orc hits you with a +3 war axe!
You completely miss the orc. Your kick misses the orc.
The orc is severely wounded.
The orc closely misses you.
You hear some strange, mumbled words.
You are confused.
The orc hits you but does no damage. x2
You bump into the rock wall.
Something hits you but does no damage. The orc hits you with a +3 war axe!
* * * LOW HITPOINT WARNING * * *
The orc misses you.
You bump into the rock wall.
Something hits you but does no damage. The orc barely misses you.
The orc closely misses you.
You bump into the rock wall.
Something hits you.
* * * LOW HITPOINT WARNING * * *
The orc barely misses you. The orc hits you with a +0 hand axe.
* * * LOW HITPOINT WARNING * * *
You closely miss the orc. You kick the orc, but do no damage.
The orc is severely wounded.
You hear some strange, mumbled words.
A magic dart appears from out of thin air!
The magic dart hits you!
You die...

+####.....#..8.8.8...
#.###.#...8_8..####
#.....
#.#####..8.8.8.....
#.....
#....##...8.8..#
#.....
#....##........##
#....?
#....##.....#...#
#.....
#.....')....###.#
.#..... #...###{o...#
#.# .......###...#
#@o...# #†#
#....)...o..# #.....#
#.# ###+#...o...#
#.....# #.# #.....###
#.....###.# ........#
#.........#
≈≈≈≈.....#
#....######
≈≈≈.......# #....#
....8.....# #....#
≈≈≈.......# #....#


You could see 2 orcs.

Vanquished Creatures
  A centaur skeleton (D:3)
  3 adders
  3 worms (D:2)
  2 dart slugs (D:2)
  7 orcs (D:3)
  A ball python (D:2)
  2 endoplasms (D:2)
  3 giant cockroaches
  3 hobgoblins
  2 quokkas
  3 bats
  A frilled lizard (D:1)
  5 goblins
  4 kobolds
  27 rats
67 creatures vanquished.

Vanquished Creatures (others)
  A plant (D:1)
1 creature vanquished.

Grand Total: 68 creatures vanquished

Notes
Turn   | Place    | Note
-------+----------+-------------------------------------------
     0 | D:1      | issech the Troll Monk began the quest for the Orb.
     0 | D:1      | Reached XP level 1. HP: 22/22 MP: 0/0
   118 | D:1      | Found Sasautim's Antique Weapon Shop.
   271 | D:1      | Reached XP level 2. HP: 29/29 MP: 1/1
   281 | D:1      | Reached skill level 3 in Maces & Flails
   534 | D:1      | Found Tefucruf's Jewellery Boutique.
  1086 | D:2      | You fall into a shaft and drop 1 floor!
  1127 | D:3      | Reached XP level 3. HP: 36/36 MP: 2/2
  1177 | D:3      | Reached XP level 4. HP: 44/44 MP: 3/3
  1781 | D:2      | Reached skill level 4 in Maces & Flails
  2227 | D:2      | Gained mutation: You are weak. (Str -2) [potion of
                  | mutation]
  2227 | D:2      | Gained mutation: You are frail. (-10% HP) [potion of
                  | mutation]
  2227 | D:2      | Gained mutation: Your flesh is heat resistant. (rF+)
                  | [potion of mutation]
  2228 | D:2      | Lost mutation: You are frail. (-10% HP) [potion of
                  | mutation]
  2228 | D:2      | Lost mutation: Your flesh is heat resistant. (rF+) [potion
                  | of mutation]
  2228 | D:2      | Lost mutation: You are weak. (Str -2) [potion of mutation]
  2228 | D:2      | Gained mutation: You have large cloven feet. [potion of
                  | mutation]
  2276 | D:3      | Found a faded altar of an unknown god.
  2357 | D:3      | Killed from afar by an orc wizard

Illustrated notes

Levels and vault maps discovered:
D:1:      minmay_arrival_shoal_huts, layout_loops_corners, serial_shops, shop,
          nicolae_square_shop, serial_bayou, serial_bayou_pond_e,
          serial_bayou_pond_a, serial_bayou_lake_a, serial_bayou_crossing
D:2:      layout_loops_ring, minmay_rat_hole
D:3:      layout_basic, mainiacjoe_overflow_catwalk,
          chequers_ecumenical_altar_simple_redux

Skill      XL: |  1  2  3  4 |
---------------+-------------+-----
Maces & Flails | 3 4 |  4.2
Dodging        | 3 |  3.0
Fighting       | |  2.8
Stealth        | |  1.1
Shields        | |  0.5

Action                   |  1- 3 |  4- 6 || total
-------------------------+-------+-------++-------
Melee: Mace              |    89 |   125 ||   214
       Punch             |     1 |     2 ||     3
       Kick              |       |     8 ||     8
  Use: Scroll            |       |     4 ||     4
       Potion            |       |     2 ||     2
 Stab: Sleeping          |     1 |     2 ||     3
Armor: Robe              |    28 |    38 ||    66
Dodge: Dodged            |    54 |    54 ||   108
Block: Other             |    14 |    24 ||    38
       Reflection        |       |     1 ||     1

Table legend: (Time is in decaauts)
 A = Elapsed time spent in this place.
 B = Non-inter-level travel time spent in this place.
 C = Inter-level travel time spent in this place.
 D = Time resting spent in this place.
 E = Time spent auto-exploring this place.
 F = Levels seen in this place.
 G = Mean time per level.
                   A        B        C        D        E       F      G
               +--------+--------+--------+--------+--------+-----+--------+
         Total |   2440 |   2323 |    117 |      0 |   1152 |   3 |  813.3 |
       Dungeon |   2440 |   2323 |    117 |      0 |   1152 |   3 |  813.3 |
               +--------+--------+--------+--------+--------+-----+--------+

Top non-repeatable levels by time:
     D:1: 1108 daAuts
     D:2: 1090 daAuts
     D:3: 241 daAuts
